 Dungeon Crawl Stone Soup version 0.31-a0-145-g046c7d2549 (webtiles) character file.

Game seed: 12956564280895829344

3050351 KimchiStew the Pyromancer (level 26, 149/160 HPs)
             Began as a Deep Elf Conjurer on June 5, 2023.
             Was the Champion of Vehumet.
             Escaped with the Orb
             ... and 5 runes!
             The game lasted 03:04:20 (73401 turns).

KimchiStew the Pyromancer (Deep Elf Conjurer)      Turns: 73401, Time: 03:04:21

Health: 149/160    AC: 16    Str:  6    XL:     26   Next: 94%
Magic:  62/62      EV: 19    Int: 38    God:    Vehumet [******]
Gold:   6724       SH:  0    Dex: 20    Spells: 7/71 levels left

rFire   + . .        b - staff of air "Kaguogh" {rElec Dex+5 Stlth+}
rCold   + . .        N - sphere of Battle
rNeg    + . .        d - +2 leather armour "Etozarak" {rF+ Str-2 Int+2 Dex+2}
rPois   +            V - +3 hat of Pondering {ponderous, Will+ MP+10 Int+5}
rElec   +            t - +2 cloak
rCorr   +            Z - +0 pair of gloves
SInv    .            k - +2 pair of boots {Stlth+}
Will    +++++        j - amulet of Nayl {RegenMP rPois Str+2 Int+2}
Stlth   +            G - ring "Hulugas" {rF+ rN+}
HPRegen 0.46/turn    g - ring of Equivalence {Ice Will+++ rCorr Int-5 Slay+3}
MPRegen 0.78/turn

%: no passive effects
@: glowing, studying Stealth, slow
A: deterioration 1
0: Orb of Zot
}: 5/15 runes: decaying, serpentine, slimy, silver, abyssal
a: Renounce Religion


You escaped.
You worshipped Vehumet.
Vehumet was exalted by your worship.
You visited 11 branches of the dungeon, and saw 53 of its levels.
You visited the Abyss 4 times.
You also visited: Sewer, Bailey and Desolation.

You collected 11156 gold pieces.
You spent 4432 gold pieces at shops.

Inventory:

Missiles
 r - 4 throwing nets
 u - 13 curare-tipped darts
Armour
 d - the +2 leather armour "Etozarak" (worn) {rF+ Str-2 Int+2 Dex+2}
   (You bought it in a shop on level 4 of the Vaults)

   Str:       It affects your strength (-2).
   Int:       It affects your intelligence (+2).
   Dex:       It affects your dexterity (+2).
   rF:        It protects you from fire.
 k - a +2 pair of boots of stealth (worn)
 t - a +2 cloak (worn)
 N - the sphere of Battle (worn)
   (You bought it in a shop on level 1 of the Elven Halls)

   It enhances your destructive magic.
   It weakens your non-destructive magic.
   It summons a battlesphere in combat, with strength depending on Conjurations
   skill.
 V - the +3 hat of Pondering (worn) {ponderous, Will+ MP+10 Int+5}
   (You took it off Gastronok on level 10 of the Dungeon)

   Int:       It affects your intelligence (+5).
   MP:        It affects your magic capacity (+10).
   Will:      It increases your willpower.
 Z - a +0 pair of gloves (worn)
Magical Staves
 b - the staff of air "Kaguogh" (weapon) {rElec Dex+5 Stlth+}
   (You found it on level 3 of the Depths)

   [staff of air]

   Base accuracy: +5 Base damage: 5 Base attack delay: 1.2 This weapon's minimum
   attack delay (0.6) is reached at skill level 12.
   Dex:       It affects your dexterity (+5).
   rElec:     It insulates you from electricity.
   Stlth:     It makes you more stealthy.
   It falls into the 'Staves' category.
   It is a one-handed weapon.
Jewellery
 e - the amulet "Ajio" {Reflect rN++ SH+5}
   (You found it in the Desolation of Salt)

   [amulet of reflection]

   It reflects blocked missile attacks.
   rN:        It greatly protects you from negative energy.
   SH:        It affects your SH (+5).
 f - the ring of Sethit {rPois rN+}
   (You found it in the Desolation of Salt)

   [ring of poison resistance]

   rPois:     It protects you from poison.
   rN:        It protects you from negative energy.
 g - the ring of Equivalence (right hand) {Ice Will+++ rCorr Int-5 Slay+3}
   (You bought it in a shop on level 2 of the Vaults)

   [ring of ice]

   It enhances your ice magic.
   Int:       It affects your intelligence (-5).
   Slay:      It affects your accuracy & damage with ranged weapons and melee
   (+3).
   rF:        It makes you vulnerable to fire.
   rC:        It protects you from cold.
   rCorr:     It protects you from acid and corrosion.
   Will:      It greatly increases your willpower.
 j - the amulet of Nayl (around neck) {RegenMP rPois Str+2 Int+2}
   (You found it on level 5 of the Vaults)

   [amulet of magic regeneration]

   It increases your rate of magic regeneration.
   Str:       It affects your strength (+2).
   Int:       It affects your intelligence (+2).
   rPois:     It protects you from poison.
 l - a +4 ring of protection
 v - a +5 ring of evasion
 w - the ring "Atwoal" {rElec rPois rF- rN+ Str+2}
   (You bought it in a shop on level 5 of the Dungeon)

   [ring of poison resistance]

   Str:       It affects your strength (+2).
   rF:        It makes you vulnerable to fire.
   rElec:     It insulates you from electricity.
   rPois:     It protects you from poison.
   rN:        It protects you from negative energy.
 y - an amulet of regeneration
 A - the ring of Fohij {Slay+5 SInv}
   (You took it off a deep elf sorcerer on level 3 of the Elven Halls)

   [ring of see invisible]

   Slay:      It affects your accuracy & damage with ranged weapons and melee
   (+5).
   SInv:      It lets you see invisible.
 G - the ring "Hulugas" (left hand) {rF+ rN+}
   (You found it in the Desolation of Salt)

   [ring of positive energy]

   rF:        It protects you from fire.
   rN:        It protects you from negative energy.
 L - a ring of poison resistance
 Y - the ring of Happiness {rF+ rCorr Int-2 Dex+5}
   (You took it off a deep elf death mage on level 3 of the Elven Halls)

   [ring of protection from fire]

   Int:       It affects your intelligence (-2).
   Dex:       It affects your dexterity (+5).
   rF:        It protects you from fire.
   rCorr:     It protects you from acid and corrosion.
Wands
 h - a wand of acid (42)
 q - a wand of flame (193)
 s - a wand of charming (76)
 I - a wand of digging (26)
 P - a wand of mindburst (52)
 X - a wand of iceblast (77)
Scrolls
 a - 6 scrolls of immolation
 i - 6 scrolls of fear
 m - 16 scrolls of enchant armour
 n - 9 scrolls of poison
 z - 10 scrolls of fog
 D - a scroll of blinking
 H - 12 scrolls of vulnerability
 O - 19 scrolls of teleportation
 Q - 5 scrolls of magic mapping
Potions
 c - 9 potions of enlightenment
 o - 9 potions of attraction
 x - 3 potions of ambrosia
 B - a potion of cancellation
 C - 13 potions of mutation
 E - 4 potions of haste
 F - 2 potions of heal wounds
 K - 5 potions of invisibility
 M - 4 potions of might
 R - 12 potions of curing
 S - 6 potions of lignification
 W - 11 potions of brilliance
Miscellaneous
 p - a phantom mirror
 T - a box of beasts
 U - a phial of floods


   Skills:
 - Level 15.0 Fighting
 - Level 4.0 Armour
 - Level 12.0 Dodging
 - Level 8.0 Stealth
 - Level 15.0 Shields
 + Level 23.3 Spellcasting
 + Level 22.7 Conjurations
 - Level 4.0 Hexes
 - Level 12.0 Translocations
 - Level 24.0 Fire Magic
 - Level 10.0 Ice Magic
 - Level 10.0 Air Magic
 + Level 19.0 Earth Magic
 - Level 9.0 Evocations


You had 7 spell levels left.
You knew the following spells:

 Your Spells              Type           Power      Damage    Failure   Level
a - Leda's Unmaking       Conj/Erth      70%        9d11      0%          6
b - Lehudib's Crystal Sp  Conj/Erth      70%        10d16     1%          8
c - Iskenderun's Mystic   Conj/Tloc      100%       2d19      0%          4
d - Fire Storm            Conj/Fire      73%        8d18      1%          9
e - Fulminant Prism       Conj/Hex       60%        3d26      1%          4
f - Shatter               Erth           68%        3d50*     9%          9
g - Ignition              Fire           74%        3d19      1%          8
h - Foxfire               Conj/Fire      100%       2x1d9     0%          1
i - Searing Ray           Conj           100%       2d8       0%          2
j - Freezing Cloud        Conj/Ice/Air   87%        6-21      1%          5
k - Passage of Golubria   Tloc           61%        N/A       1%          4
l - Poisonous Vapours     Pois/Air       100%       N/A       1%          2
m - Passwall              Tmut/Erth      45%        N/A       1%          2

Your spell library contained the following spells:

 Spells                   Type           Power      Damage    Failure   Level
 Polar Vortex             Ice            67%        N/A       95%         9
 Apportation              Tloc           100%       N/A       0%          1
 Kiss of Death            Conj/Necr      100%       2d13      0%          1
 Magic Dart               Conj           100%       1d8       0%          1
 Sandblast                Erth           100%       2d20      0%          1
 Shock                    Conj/Air       100%       1d9       0%          1
 Blink                    Tloc           100%       N/A       0%          2
 Momentum Strike          Conj/Tloc      100%       3d10      0%          2
 Static Discharge         Conj/Air       100%       2-7/arc   0%          2
 Dazzling Flash           Conj/Hex       100%       N/A       0%          3
 Gell's Gravitas          Tloc           61%        N/A       0%          3
 Hailstorm                Conj/Ice       100%       3d20      0%          3
 Inner Flame              Hex/Fire       100%       N/A       0%          3
 Stone Arrow              Conj/Erth      100%       3d13      0%          3
 Teleport Other           Tloc           61%        N/A       0%          3
 Flame Wave               Conj/Fire      100%       2d21      0%          4
 Sticky Flame             Conj/Fire      100%       2d11      0%          4
 Fireball                 Conj/Fire      73%        3d27      0%          5
 Iskenderun's Battlesphe  Conj           100%       2d15      0%          5
 Lee's Rapid Deconstruct  Erth           68%        3d31*     0%          5
 Beastly Appendage        Tmut           44%        N/A       1%          1
 Necrotise                Necr           88%        1d8       1%          1
 Slow                     Hex            100%       N/A       1%          1
 Sting                    Tmut/Pois      88%        1d7       1%          1
 Summon Small Mammal      Summ           88%        N/A       1%          1
 Cigotuvi's Dreadful Rot  Necr/Pois/Air  100%       N/A       1%          2
 Ensorcelled Hibernation  Hex/Ice        100%       N/A       1%          2
 Sublimation of Blood     Necr           22%        N/A       1%          2
 Wereblood                Tmut           22%        N/A       1%          2
 Confusing Touch          Hex            37%        N/A       1%          3
 Frozen Ramparts          Ice            100%       1d16      1%          3
 Ignite Poison            Fire/Tmut/Pois 100%       N/A       1%          3
 Mephitic Cloud           Conj/Pois/Air  100%       N/A       1%          3
 Portal Projectile        Hex/Tloc       100%       N/A       1%          3
 Summon Guardian Golem    Hex/Summ       29%        N/A       1%          3
 Swiftness                Air            88%        N/A       1%          3
 Vhi's Electric Charge    Tloc/Air       100%       N/A       1%          3
 Airstrike                Air            67%        2d(10-26) 1%          4
 Animate Armour           Summ/Erth      100%       N/A       1%          4
 Cause Fear               Hex            18%        N/A       1%          4
 Ice Form                 Ice/Tmut       70%        N/A       1%          4
 Leda's Liquefaction      Hex/Erth       30%        N/A       1%          4
 Manifold Assault         Tloc           61%        N/A       1%          4
 Petrify                  Tmut/Erth      55%        N/A       1%          4
 Summon Ice Beast         Ice/Summ       70%        N/A       1%          4
 Arcjolt                  Conj/Air       77%        1d87      1%          5
 Borgnjor's Vile Clutch   Necr/Erth      27%        N/A       1%          5
 Irradiate                Conj/Tmut      57%        3d30      1%          5
 Metabolic Englaciation   Hex/Ice        39%        N/A       1%          5
 Silence                  Hex/Air        39%        N/A       1%          5
 Summon Forest            Summ/Tloc      22%        N/A       1%          5
 Conjure Ball Lightning   Conj/Air       77%        3x3d28    1%          6
 Dispersal                Tloc           30%        N/A       1%          6
 Orb of Destruction       Conj           72%        9d17      1%          7
 Spellforged Servitor     Conj/Summ      57%        N/A       1%          7
 Call Canine Familiar     Summ           22%        N/A       2%          3
 Spider Form              Tmut/Pois      22%        N/A       2%          3
 Vampiric Draining        Necr           22%        2d7       2%          3
 Olgreb's Toxic Radiance  Pois           61%        N/A       2%          4
 Statue Form              Tmut/Erth      36%        N/A       2%          6
 Anguish                  Hex/Necr       14%        N/A       3%          4
 Dispel Undead            Necr           22%        3d12      8%          4
 Summon Mana Viper        Hex/Summ       29%        N/A       10%         5
 Simulacrum               Ice/Necr       35%        N/A       16%         6
 Alistair's Intoxication  Tmut/Pois      14%        N/A       22%         5
 Blade Hands              Tmut           11%        N/A       22%         5
 Eringya's Noxious Bog    Tmut/Pois      30%        N/A       28%         6
 Malign Gateway           Summ/Tloc      22%        N/A       50%         7
 Storm Form               Tmut/Air       35%        N/A       63%         7
 Death Channel            Necr           11%        N/A       75%         6
 Enfeeble                 Hex            18%        N/A       77%         7
 Dragon Form              Tmut           11%        N/A       100%        7
 Monstrous Menagerie      Summ           11%        N/A       100%        7
 Summon Hydra             Summ           11%        N/A       100%        7
 Maxwell's Capacitive Co  Air            67%        ∞         21%         8
 Disjunction              Tloc           30%        N/A       36%         8
 Borgnjor's Revivificati  Necr           11%        N/A       100%        8
 Discord                  Hex            18%        N/A       100%        8
 Necromutation            Tmut/Necr      11%        N/A       100%        8
 Death's Door             Necr           11%        N/A       100%        9
 Dragon's Call            Summ           11%        N/A       100%        9


Dungeon Overview and Level Annotations

Branches:
Dungeon (15/15)            Temple (1/1) D:5            Lair (5/5) D:11
  Swamp (4/4) Lair:2        Snake (4/4) Lair:2        Slime (5/5) Lair:5
    Orc (2/2) D:10            Elf (3/3) Orc:2        Vaults (5/5) D:14
  Crypt (0/3) Vaults:3     Depths (4/4) D:15            Zot (5/5) Depths:4
  Sewer (visited)          Bailey (visited)         Desolation (visited)

Altars:
Ashenzari
Cheibriados
Dithmenos
Elyvilon
Fedhas
Gozag
Hepliaklqana
Kikubaaqudgha
Makhleb
Nemelex Xobeh
Okawaru
Qazlal
Ru
Sif Muna
Trog
Uskayaw
Vehumet
Wu Jian
Xom
Yredelemnul
Zin
The Shining One
Jiyva

Shops:
D:5 *   Orc:2 ??*?(   Elf:1 [*(*   Snake:1 [!*(*?   Snake:2 *   Vaults:2 *=
Vaults:4 [   Depths:3 *

Portals:
Hell: Depths:1 Depths:2 Depths:3 Depths:4
Abyss: D:5 Depths:2 Depths:3
Pandemonium: Depths:1 Depths:2
Ziggurat: Depths:4

Annotations:
D:5 2 transporters, 1 runed translucent door, exclusion: door, Crazy Yiuf; discopopstar's ghost, novice DjFE
D:10 1 runed translucent door, slayr's ghost, journeyman SpVM
D:14 Roxanne
Lair:5 exclusion: 3 doors
Elf:2 3 runed translucent doors


Innate Abilities, Weirdness & Mutations

Your body sometimes deteriorates upon taking damage.


Message History

You feel a numb sensation.
You begin to meditate on the wall.
You continue meditating on the rock. x2
You finish merging with the rock.
Aiming: Passwall (safe; 1% risk of failure)
Press: ? - help, Q - select action, (/) - cycle Dir - move target A rock wall.
This square is covered in magical glow.
You feel a numb sensation.
You begin to meditate on the wall.
You continue meditating on the rock. x2
You finish merging with the rock.
Aiming: Passwall (safe; 1% risk of failure)
Press: ? - help, Q - select action, (/) - cycle Dir - move target A rock wall.
This square is covered in magical glow.
You feel a numb sensation.
You begin to meditate on the wall.
You continue meditating on the rock.
HP restored.
You continue meditating on the rock.
You finish merging with the rock.
Aiming: Passwall (safe; 1% risk of failure)
Press: ? - help, Q - select action, (/) - cycle Dir - move target A rock wall.
This square is covered in magical glow.
You feel a numb sensation.
You begin to meditate on the wall.
You continue meditating on the rock. x4
You finish merging with the rock.
A daeva comes into view.
It is wielding a +2 scimitar of holy wrath.
Aiming: Passwall (safe; 1% risk of failure)
Press: ? - help, Q - select action, (/) - cycle Dir - move target A rock wall.
This square is covered in magical glow.
You feel a numb sensation.
You conjure a globe of magical energy.
You begin to meditate on the wall.
You continue meditating on the rock. x2
You finish merging with the rock.
The daeva calls down the wrath of the Shining One upon you.
The Shining One smites you!
There is a staircase leading out of the dungeon here.
You take 11 damage, and have 149/160 hp.
You have escaped!

#.#.# #.....
#.#.####.....
#.#..........
#.#######....
#......##....
######.##....
#.##....
############.######
#.@.#......#.######
#.*.#.*###.#.#.....
###'#....#.#.######
#A...⌠.#.#.# #..
#..#.......# #.#
+.####.....# #.#
#^.#.......# #.#
#....⌠.#.#.####.#
###'#....#.#......#


You could see a daeva and a friendly battlesphere.

Vanquished Creatures
  the Royal Jelly (Slime:5)
  An ancient lich (Zot:5)
  9 orbs of fire
  2 dread liches (Vaults:5)
  Mara (Swamp:4)
  2 juggernauts
  Sojobo (Vaults:3)
  7 Killer Klowns
  Margery (Depths:3)
  Vv (Depths:2)
  Xtahua (Depths:3)
  4 curse toes
  Nikola (Swamp:2)
  A profane servitor (Abyss:3)
  6 golden dragons
  4 bone dragons
  4 electric golems
  A Brimstone Fiend (Depths:3)
  The ghost of Xedde the Black Belt, an adept OpTm of Ru (Depths:3)
  27 Orb Guardians
  12 tentacled monstrosities
  A shard shrike skeleton (Abyss:3)
  9 liches
  Jorgrun (Swamp:1)
  Asterion (Vaults:1)
  A walking crystal tome (Depths:1)
  A walking earthen tome (Depths:3)
  3 titans (Vaults:5)
  2 Executioners
  16 acid blobs
  A quicksilver dragon (Zot:4)
  A deep elf blademaster (Elf:3)
  A deep elf master archer (Elf:3)
  A walking frostbound tome (Depths:3)
  Gastronok (D:10)
  Agnes (D:15)
  5 sphinxes
  Frances (D:12)
  9 tentacled starspawn
  11 shadow dragons
  5 tengu reavers
  10 death cobs
  14 storm dragons
  6 rockslimes
  8 azure jellies
  5 draconian monks
  Donald (Swamp:3)
  9 fire giants
  6 nagarajas (Snake:4)
  A fenstrider witch (Swamp:4)
  11 draconian knights
  4 iron dragons
  2 imperial myrmidons (Desolation)
  11 deep elf sorcerers
  10 draconian scorchers
  11 frost giants
  17 vault wardens
  Aizul (Swamp:1)
  A ghost moth (Zot:5)
  8 deep elf elementalists
  A draconian stormcaller (Zot:3)
  3 draconian shifters
  17 ironbound preservers
  A spriggan defender (Depths:4)
  9 formless jellyfish
  A juggernaut skeleton (Abyss:3)
  19 stone giants
  9 quicksilver oozes
  2 draconian annihilators
  8 very ugly things
  A broodmother (shapeshifter) (Depths:2)
  A reaper (Abyss:3)
  6 ironbound thunderhulks
  A war gargoyle (Vaults:4)
  An orc warlord (Vaults:3)
  11 green draconians
  7 eleionomae
  An ophan (Abyss:3)
  6 black draconians
  5 deep elf demonologists
  10 purple draconians
  3 white draconians
  6 deep elf annihilators
  8 red draconians
  9 dire elephants
  12 yellow draconians
  A lorocyproca (Abyss:3)
  14 ettins
  3 vampire knights
  A halazid warlock (Desolation)
  5 bunyips
  Snorg (D:12)
  4 spark wasps
  7 deep elf death magi
  2 jiangshi (Depths:2)
  A quicksilver dragon zombie (Abyss:3)
  6 fire dragons
  A merfolk impaler (Depths:4)
  3 ragged hierophants (Desolation)
  5 deep elf high priests
  An entropy weaver (Vaults:1)
  2 shambling mangroves
  5 crystal guardians
  8 rakshasas
  18 yaktaur captains
  36 vault guards
  A quicksilver dragon skeleton (Abyss:3)
  4 salamander tyrants (Snake:4)
  29 hydras
  8 great orbs of eyes
  15 peacekeepers
  A radroach (shapeshifter) (Depths:3)
  A caustic shrike simulacrum (Abyss:3)
  7 ice dragons
  8 boulder beetles
  5 spriggan air magi
  11 alligators
  3 ghost crabs
  2 ogre magi
  4 servants of whispers (Desolation)
  A spriggan skeleton (Abyss:3)
  14 anacondas
  9 centaur warriors
  4 catoblepae
  5 two-headed ogres
  17 dancing weapons
  10 ironbound frosthearts
  2 hell hogs (Abyss:3)
  6 deep troll earth magi
  A deep troll shaman (Depths:4)
  11 naga warriors
  7 thrashing horrors
  2 vampire magi
  8 tengu warriors
  A death yak (Lair:5)
  3 sun demons
  14 naga sharpshooters
  4 orc high priests
  12 deep elf knights
  9 shock serpents
  16 spriggan berserkers
  A spatial maelstrom (Abyss:3)
  15 spriggans
  Nergalle (Orc:1)
  A skyshark (Lair:5)
  15 hell knights
  A shadow wraith (Abyss:2)
  7 sixfirhies
  6 salamander mystics
  2 iron trolls
  A fire crab (Lair:5)
  5 wretched stars (Abyss:3)
  A goliath frog (shapeshifter) (Depths:3)
  56 deep trolls
  10 swamp dragons
  4 flayed ghosts
  3 spriggan druids
  2 goliath frogs
  A spriggan rider (Depths:2)
  12 glowing orange brains
  5 naga ritualists
  A cherub (Depths:1)
  14 deep elf archers
  Pikel (D:9)
  3 orange crystal statues
  9 bog bodies
  40 deep elf zephyrmancers
  2 phantasmal warriors (Vaults:5)
  5 wizards
  18 ironbound convokers
  7 orc knights
  4 harpies (Vaults:4)
  A steelbarb worm (shapeshifter) (Depths:2)
  34 deep elf pyromancers
  12 mana vipers
  9 lindwurms
  14 necromancers
  37 starcursed masses
  7 cyclopes
  4 shining eyes
  7 will-o-the-wisps
  A stone giant zombie (Vaults:2)
  4 manticores
  5 orc sorcerers
  18 ugly things
  24 salamanders
  18 moths of wrath
  18 elephants
  Maurice (D:12)
  An apocalypse crab (Abyss:3)
  A fire giant skeleton (Vaults:2)
  4 worldbinders (Abyss:3)
  A molten gargoyle (Desolation)
  A rust devil (Zot:5)
  A titan simulacrum (Abyss:3)
  8 guardian serpents
  An eye of devastation (Slime:4)
  37 black mambas
  8 smoke demons
  20 naga magi
  16 vault sentinels
  16 cane toads
  A centaur skeleton (Abyss:2)
  A human zombie (Vaults:4)
  4 gargoyles
  4 rime drakes
  14 komodo dragons
  2 efreet (Abyss:3)
  A hellion (Abyss:3)
  2 tormentors
  35 yaktaurs
  An elf skeleton (Vaults:4)
  6 tengu conjurers
  An ice devil (Abyss:3)
  7 ancient zymes
  A meliai (shapeshifter) (D:13)
  5 trolls
  A bloated husk (Swamp:4)
  A polar bear (Lair:5)
  A harpy zombie (Abyss:3)
  A troll (shapeshifter) (Elf:1)
  56 saltlings (Desolation)
  11 tyrant leeches
  A shadow dragon simulacrum (Vaults:2)
  18 hornets
  Grinder (D:4)
  13 dream sheep
  14 raiju (Abyss:3)
  20 blink frogs
  3 flying skulls (Abyss:3)
  65 slime creatures
  A human simulacrum (Vaults:2)
  5 air elementals
  2 centaur simulacra
  31 yaks
  A spriggan (shapeshifter) (Abyss:3)
  9 water elementals
  3 vampires
  4 wyverns
  5 ynoxinuls
  24 large abominations
  4 wraiths
  6 fire elementals
  A yak (shapeshifter) (D:14)
  A shadow (D:12)
  4 basilisks
  A fire bat (Abyss:3)
  9 neqoxecs
  3 elf simulacra
  11 golden eyes
  6 chaos spawn
  A redback (shapeshifter) (Vaults:3)
  2 steam dragons (D:9)
  5 vampire mosquitoes
  40 nagas
  2 wargs (Orc:2)
  An acid dragon (D:13)
  14 swamp worms
  20 water moccasins
  2 floating eyes
  7 hell hounds
  20 orc warriors
  6 swamp drakes
  A sky beast (shapeshifter) (D:15)
  24 small abominations
  3 ice beasts
  4 black bears
  13 ogres
  4 boggarts (Vaults:1)
  14 wolves
  10 centaurs
  2 elf zombies (Elf:1)
  3 kobold brigands
  15 bullfrogs
  A gnoll sergeant (D:11)
  2 scorpions
  13 wights
  11 killer bees
  4 electric eels
  9 vampire bats
  8 wolf zombies (Bailey)
  A howler monkey (D:10)
  6 hounds
  2 quasits
  13 orc priests
  3 gnoll boudas
  3 iron imps
  9 jellies
  6 iguanas
  3 sleepcaps
  27 orc wizards
  A hell rat (Lair:5)
  A boggart simulacrum (D:14)
  28 gnolls
  9 adders
  2 river rats (Sewer)
  2 shadow imps
  3 white imps
  8 ufetubi
  4 worms
  3 dart slugs
  64 orcs
  12 bats
  22 endoplasms
  11 giant cockroaches
  3 goblins
  5 hobgoblins
  3 quokkas
  6 ball pythons
  2 frilled lizards (Sewer)
  21 kobolds
  18 orc zombies (Bailey)
  9 rats
  3 starspawn tentacles (Abyss:3)
2411 creatures vanquished.

Vanquished Creatures (collateral kills)
  An Orb Guardian (Zot:5)
  4 acid blobs (Slime:5)
  A tentacled starspawn (Abyss:3)
  A tengu reaver (Depths:1)
  A draconian monk (Zot:5)
  A shadow dragon (Vaults:5)
  A draconian knight (Zot:3)
  A spriggan defender (Depths:4)
  A draconian stormcaller (Zot:2)
  A very ugly thing (Depths:3)
  A stone giant (Depths:1)
  A yellow draconian (Zot:4)
  A merfolk javelineer (Depths:1)
  An ice dragon (Depths:3)
  A deep elf knight (Elf:2)
  A shining eye (Slime:5)
  2 necromancers
  A deep elf pyromancer (Elf:2)
  A raiju (Abyss:3)
  4 slime creatures
  A water elemental (Depths:4)
  2 starcursed masses (Abyss:3)
  A white imp (Abyss:3)
  19 foxfires
50 creatures vanquished.

Vanquished Creatures (others)
  A small abomination (Abyss:3)
  352 fire vortices
  1823 foxfires
  17 fulminant prisms
  10 starspawn tentacles
2203 creatures vanquished.

Grand Total: 4664 creatures vanquished

Notes
Turn   | Place    | Note
-------+----------+-------------------------------------------
     0 | D:1      | KimchiStew the Deep Elf Conjurer began the quest for the
                  | Orb.
     0 | D:1      | Reached XP level 1. HP: 10/10 MP: 6/6
   270 | D:1      | Reached skill level 1 in Fighting
   396 | D:1      | Reached XP level 2. HP: 16/16 MP: 6/8
   399 | D:1      | Learned a level 2 spell: Searing Ray
   880 | D:2      | Found a faded altar of an unknown god.
  1283 | D:2      | Reached XP level 3. HP: 21/21 MP: 6/9
  1782 | D:3      | Reached XP level 4. HP: 26/26 MP: 8/11
  1794 | D:3      | Learned a level 4 spell: Iskenderun's Mystic Blast
  1836 | D:3      | Reached skill level 5 in Conjurations
  2342 | D:4      | Reached XP level 5. HP: 30/30 MP: 10/12
  2351 | D:4      | Learned a level 3 spell: Stone Arrow
  2520 | D:4      | Noticed Grinder
  2679 | D:4      | Paralysed by Grinder for 2 turns
  2682 | D:4      | Killed Grinder
  2683 | D:4      | Reached skill level 1 in Translocations
  2683 | D:4      | Reached skill level 1 in Earth Magic
  2683 | D:4      | Reached XP level 6. HP: 35/35 MP: 8/15
  2940 | D:4      | Found a hide-covered altar of Uskayaw.
  3386 | D:4      | Reached skill level 5 in Spellcasting
  3386 | D:4      | Reached XP level 7. HP: 40/40 MP: 11/16
  3463 | D:5      | Entered Level 5 of the Dungeon
  3508 | D:5      | Found a staircase to the Ecumenical Temple.
  3515 | Temple   | Entered the Ecumenical Temple
  3768 | Temple   | Became a worshipper of Vehumet
  4003 | D:5      | Found a transporter.
  4003 | D:5      | Found a one-way gate to the infinite horrors of the Abyss.
  4003 | D:5      | Noticed discopopstar's ghost (novice DjFE)
  4012 | D:5      | Found a transporter.
  4158 | D:5      | Found a runed translucent door.
  4159 | D:5      | Noticed Crazy Yiuf
  4437 | D:5      | Found Dirases's Assorted Antiques.
  4445 | D:5      | Bought a brightly glowing jade ring for 110 gold pieces
  4445 | D:5      | Identified the ring "Atwoal" {rElec rPois rF- rN+ Str+2}
                  | (You bought it in a shop on level 5 of the Dungeon)
  4571 | D:5      | Learned a level 4 spell: Fulminant Prism
  4594 | D:5      | Reached XP level 8. HP: 44/44 MP: 12/19
  5120 | D:6      | Found a glowing drain.
  5125 | D:6      | Reached * piety under Vehumet
  5125 | D:6      | Offered knowledge of Foxfire by Vehumet.
  5195 | Sewer    | Entered a sewer
  5198 | Sewer    | Learned a level 1 spell: Foxfire
  5405 | Sewer    | Found a viscous altar of Jiyva.
  5416 | Sewer    | Offered knowledge of Poisonous Vapours by Vehumet.
  5429 | Sewer    | Learned a level 2 spell: Poisonous Vapours
  5447 | Sewer    | Reached ** piety under Vehumet
  5829 | D:6      | Reached skill level 5 in Earth Magic
  6227 | D:6      | Reached XP level 9. HP: 44/48 MP: 16/22
  6227 | D:6      | Found a glowing golden altar of the Shining One.
  6567 | D:7      | Noticed a gargoyle
  6570 | D:7      | Killed a gargoyle
  6751 | D:7      | Found a flagged portal.
  6779 | Bailey   | Entered a bailey
  6833 | Bailey   | Offered knowledge of Static Discharge by Vehumet.
  6921 | Bailey   | Reached *** piety under Vehumet
  7061 | Bailey   | Reached skill level 10 in Conjurations
  7232 | Bailey   | Identified the +1 scale mail "Jaw Meor" {Contam Harm rPois
                  | rN++}
  7254 | Bailey   | Offered knowledge of Olgreb's Toxic Radiance by Vehumet.
  7264 | Bailey   | Noticed a gargoyle
  7270 | Bailey   | Killed a gargoyle
  7271 | Bailey   | Reached skill level 1 in Hexes
  7408 | Bailey   | Identified the +7 hand axe of the Elven Halls {heavy,
                  | *Corrode rF+ Str+4}
  7421 | Bailey   | Identified the +16 plate armour of Light {Will+}
  8213 | D:8      | Reached XP level 10. HP: 53/53 MP: 22/25
  8242 | D:8      | Reached skill level 10 in Spellcasting
  8255 | D:8      | Reached **** piety under Vehumet
  8654 | D:8      | Offered knowledge of Iskenderun's Battlesphere by Vehumet.
  8673 | D:8      | Learned a level 5 spell: Iskenderun's Battlesphere
  9335 | D:9      | Reached ***** piety under Vehumet
  9410 | D:9      | Offered knowledge of Leda's Unmaking by Vehumet.
  9419 | D:9      | Noticed a tengu warrior
  9440 | D:9      | Killed a tengu warrior
  9441 | D:9      | Reached skill level 10 in Earth Magic
  9471 | D:9      | Reached XP level 11. HP: 60/60 MP: 27/27
  9509 | D:9      | Reached skill level 1 in Fire Magic
  9549 | D:9      | Noticed a five-headed hydra
  9568 | D:9      | Killed a five-headed hydra
  9569 | D:9      | Reached skill level 2 in Fire Magic
  9723 | D:9      | Noticed Pikel
  9731 | D:9      | Killed Pikel
  9732 | D:9      | Reached skill level 3 in Fire Magic
  9886 | D:9      | Reached skill level 4 in Fire Magic
  9989 | D:9      | Found Benixt's Weapon Shoppe.
 10239 | D:10     | Entered Level 10 of the Dungeon
 10252 | D:10     | Found a runed translucent door.
 10252 | D:10     | Noticed a stone giant
 10252 | D:10     | Noticed slayr's ghost (journeyman SpVM)
 10270 | D:10     | Noticed Gastronok
 10279 | D:10     | Killed Gastronok
 10280 | D:10     | Reached skill level 6 in Fire Magic
 10317 | D:10     | Found a shimmering blue altar of Sif Muna.
 10317 | D:10     | Found an opulent altar of Gozag.
 10323 | D:10     | Found a white marble altar of Elyvilon.
 10326 | D:10     | Found a burning altar of Makhleb.
 10328 | D:10     | Found a sparkling altar of Nemelex Xobeh.
 10333 | D:10     | Found a sacrificial altar of Ru.
 10365 | D:10     | Noticed a two-headed ogre
 10434 | D:10     | Killed a two-headed ogre
 10435 | D:10     | Reached skill level 7 in Fire Magic
 10530 | D:10     | Reached skill level 8 in Fire Magic
 10547 | D:10     | Found a staircase to the Orcish Mines.
 11079 | D:11     | Learned a level 6 spell: Leda's Unmaking
 11108 | D:11     | Noticed a boulder beetle
 11119 | D:11     | Killed a boulder beetle
 11133 | D:11     | Reached skill level 9 in Fire Magic
 11345 | D:11     | Noticed a catoblepas
 11351 | D:11     | Killed a catoblepas
 11496 | D:11     | Found a staircase to the Lair.
 11506 | D:11     | Reached skill level 10 in Fire Magic
 11640 | D:11     | Reached XP level 12. HP: 66/66 MP: 28/28
 12258 | D:12     | Noticed Maurice
 12271 | D:12     | Killed Maurice
 12272 | D:12     | Reached skill level 11 in Fire Magic
 12331 | Lair:1   | Entered Level 1 of the Lair of Beasts
 12549 | Lair:1   | Noticed a boulder beetle
 12562 | Lair:1   | Killed a boulder beetle
 12983 | Lair:1   | Offered knowledge of Starburst by Vehumet.
 12984 | Lair:1   | Reached skill level 5 in Stealth
 13330 | Lair:2   | Reached skill level 5 in Fighting
 13506 | Lair:2   | Reached skill level 12 in Fire Magic
 13526 | Lair:2   | Found a staircase to the Snake Pit.
 13817 | Lair:2   | Reached XP level 13. HP: 66/76 MP: 25/29
 14252 | Lair:2   | Found a staircase to the Swamp.
 14624 | Lair:3   | Reached skill level 5 in Translocations
 15300 | Lair:3   | Found the +8 whip "Snakebite" {venom, curare, rPois}
 16366 | Lair:4   | Offered knowledge of Lee's Rapid Deconstruction by Vehumet.
 16373 | Lair:4   | Learned a level 5 spell: Lee's Rapid Deconstruction
 16777 | Lair:5   | Entered Level 5 of the Lair of Beasts
 16790 | Lair:5   | Reached skill level 1 in Armour
 17044 | Lair:5   | Reached XP level 14. HP: 74/84 MP: 30/30
 17133 | Lair:5   | Found a staircase to the Slime Pits.
 17133 | Lair:5   | Found a viscous altar of Jiyva.
 17314 | Lair:5   | Reached skill level 5 in Dodging
 18186 | Lair:5   | Reached ****** piety under Vehumet
 18444 | Orc:1    | Entered Level 1 of the Orcish Mines
 18472 | Orc:1    | Noticed Nergalle
 18480 | Orc:1    | Killed Nergalle
 19005 | Orc:2    | Entered Level 2 of the Orcish Mines
 19636 | Orc:2    | Found Sunketro's Weapon Boutique.
 19704 | Orc:2    | Found a staircase to the Elven Halls.
 19922 | Orc:2    | Found Citiunyj's Magic Scroll Shop.
 19931 | Orc:2    | Offered knowledge of Conjure Ball Lightning by Vehumet.
 19939 | Orc:2    | Reached skill level 13 in Fire Magic
 20084 | Orc:2    | Found Deiroh's Magic Scroll Shoppe.
 20089 | Orc:2    | Bought a scroll of teleportation for 36 gold pieces
 20089 | Orc:2    | Bought a scroll of teleportation for 36 gold pieces
 20091 | Orc:2    | Bought a scroll of blinking for 112 gold pieces
 20091 | Orc:2    | Bought a scroll of magic mapping for 112 gold pieces
 20093 | Orc:2    | Bought a scroll of fear for 48 gold pieces
 20095 | Orc:2    | Found Iliettit's Magic Scroll Shoppe.
 20097 | Orc:2    | Found Fyimmave's General Store.
 20103 | Orc:2    | Bought a scroll of blinking for 97 gold pieces
 20103 | Orc:2    | Bought a scroll of teleportation for 39 gold pieces
 20103 | Orc:2    | Bought a scroll of teleportation for 39 gold pieces
 20105 | Orc:2    | Bought a potion of cancellation for 120 gold pieces
 20105 | Orc:2    | Bought a phantom mirror for 600 gold pieces
 21442 | D:14     | Reached XP level 15. HP: 88/88 MP: 19/33
 21700 | D:14     | Found a shimmering blue altar of Sif Muna.
 21988 | D:14     | Identified the staff of death "Xuoweban" {+Blink rPois rN+
                  | Will- Int+3}
 22194 | D:14     | Identified the +5 whip of the Durable God {holy, rF+ Will+}
 22207 | D:14     | Noticed Roxanne
 22484 | D:14     | Found a gate to the Vaults.
 22738 | D:15     | Entered Level 15 of the Dungeon
 22860 | D:15     | Offered knowledge of Yara's Violent Unravelling by Vehumet.
 22882 | D:15     | Learned a level 5 spell: Freezing Cloud
 22885 | D:15     | Found a staircase to the Depths.
 22891 | D:15     | Identified the +3 ring mail of Irksome the Leaf {Drain
                  | Dex+4}
 22991 | D:15     | Reached skill level 14 in Fire Magic
 23114 | D:15     | Noticed Agnes
 23138 | D:15     | Killed Agnes
 23647 | D:15     | Learned a level 4 spell: Passage of Golubria
 24138 | D:12     | Noticed Snorg
 24148 | D:12     | Killed Snorg
 24460 | D:12     | Noticed Frances
 24470 | D:12     | Killed Frances
 24471 | D:12     | Reached skill level 1 in Shields
 24916 | Swamp:1  | Entered Level 1 of the Swamp
 24917 | Swamp:1  | Noticed Aizul
 24930 | Swamp:1  | Killed Aizul
 24931 | Swamp:1  | Reached skill level 10 in Dodging
 25247 | Swamp:1  | Noticed Jorgrun
 25293 | Swamp:1  | Killed Jorgrun
 25698 | Swamp:1  | Reached XP level 16. HP: 75/93 MP: 35/35
 25934 | Swamp:1  | Identified the scarf of the Apothecary {shadows, rElec}
 26581 | Swamp:2  | Offered knowledge of Ozocubu's Refrigeration by Vehumet.
 26587 | Swamp:2  | Reached skill level 5 in Shields
 26825 | Swamp:2  | Noticed Nikola
 27351 | Swamp:2  | Killed Nikola
 27900 | Swamp:3  | Noticed Donald
 27908 | Swamp:3  | Killed Donald
 28287 | Swamp:4  | Entered Level 4 of the Swamp
 28814 | Swamp:4  | Noticed Mara
 28826 | Swamp:4  | Noticed KimchiStew's illusion
 28895 | Swamp:4  | Noticed KimchiStew's illusion
 28896 | Swamp:4  | Killed Mara
 29089 | Swamp:4  | Reached skill level 10 in Shields
 29595 | Swamp:4  | Noticed a tentacled monstrosity
 29603 | Swamp:4  | Offered knowledge of Ignition by Vehumet.
 29604 | Swamp:4  | Reached XP level 17. HP: 98/98 MP: 36/36
 29617 | Swamp:4  | Killed a tentacled monstrosity
 29903 | Swamp:4  | Got a decaying rune of Zot
 29914 | Swamp:4  | Learned a level 8 spell: Ignition
 30022 | Snake:1  | Entered Level 1 of the Snake Pit
 31186 | Snake:1  | Found Luik's Assorted Antiques.
 31186 | Snake:1  | Found Jaekkeni's General Store.
 31186 | Snake:1  | Found Ujyg's Magic Scroll Emporium.
 31192 | Snake:1  | Bought a scroll of fog for 60 gold pieces
 31197 | Snake:1  | Bought a scroll of torment for 104 gold pieces
 31197 | Snake:1  | Bought a scroll of silence for 104 gold pieces
 31202 | Snake:1  | Found Raerre Wero's Distillery.
 31206 | Snake:1  | Found Hisirral's Armour Shoppe.
 31206 | Snake:1  | Found Xism's Weapon Boutique.
 31244 | Snake:1  | Bought a translucent trident for 272 gold pieces
 31244 | Snake:1  | Identified the +10 trident of the Wilderness {speed, Int+3}
                  | (You bought it in a shop on level 1 of the Snake Pit)
 31317 | Snake:2  | Reached skill level 15 in Spellcasting
 31477 | Snake:2  | Reached skill level 1 in Evocations
 32038 | Snake:2  | Found Bosm's Mayhem Merchandise.
 32162 | Snake:3  | Offered knowledge of Fire Storm by Vehumet.
 32162 | Snake:3  | Offered knowledge of Shatter by Vehumet.
 32162 | Snake:3  | Offered knowledge of Polar Vortex by Vehumet.
 32453 | Snake:3  | Found a stormy altar of Qazlal.
 32951 | Snake:3  | Reached skill level 5 in Evocations
 33225 | Snake:4  | Entered Level 4 of the Snake Pit
 33355 | Snake:4  | Reached skill level 15 in Conjurations
 33462 | Snake:4  | Reached XP level 18. HP: 106/106 MP: 39/39
 33657 | Snake:4  | Learned a level 6 spell: Leda's Unmaking
 33667 | Snake:4  | Reached skill level 15 in Fire Magic
 34246 | Snake:4  | Identified the +0 ring mail of Restlessness {rElec}
 34895 | Snake:4  | Reached skill level 10 in Fighting
 35344 | Snake:4  | Got a serpentine rune of Zot
 35594 | Vaults:1 | Entered Level 1 of the Vaults
 35608 | Vaults:1 | Learned a level 8 spell: Ignition
 35960 | Vaults:1 | Found a crumbling gateway.
 35986 | Desolati | Entered the Desolation of Salt
 36198 | Desolati | Identified the ring "Hulugas" {rF+ rN+}
 36211 | Desolati | Identified the ring of Leaves {Ice MP+9 Int+4 Dex+2}
 36213 | Desolati | Identified the amulet "Ajio" {Reflect rN++ SH+5}
 36303 | Desolati | Reached XP level 19. HP: 112/112 MP: 4/41
 36323 | Desolati | Got the Dissertation on Topological Excavation
 36325 | Desolati | Identified the +2 leather armour of Lethargy {Slay+2}
 36631 | Desolati | Reached skill level 16 in Fire Magic
 36860 | Desolati | Found the +0 mask of the Dragon {Will+ Slay+3 SInv}
 36873 | Desolati | Got Apheb's Discursus on Transmigration and Incineration
 36879 | Desolati | Identified the ring of Sethit {rPois rN+}
 36942 | Desolati | Identified the +5 short sword of Wideust {heavy, Str+2}
 37243 | Vaults:1 | Noticed Asterion
 37467 | Vaults:1 | Killed Asterion
 39498 | Vaults:2 | Found Jatiebb's Assorted Antiques.
 39579 | Vaults:2 | Bought a sparkling granite ring for 130 gold pieces
 39579 | Vaults:2 | Identified the ring of Equivalence {Ice Will+++ rCorr Int-5
                  | Slay+3} (You bought it in a shop on level 2 of the Vaults)
 40459 | Vaults:2 | Got Ecroo's Quarto of Blasting
 40604 | Vaults:2 | Found Belauss's Jewellery Emporium.
 40609 | Vaults:2 | Bought a ring of see invisible for 210 gold pieces
 40742 | Vaults:2 | Reached skill level 17 in Fire Magic
 42207 | Vaults:3 | Noticed Sojobo
 42213 | Vaults:3 | Reached XP level 20. HP: 117/117 MP: 40/44
 42215 | Vaults:3 | Killed Sojobo
 42357 | Vaults:3 | Found a staircase to the Crypt.
 42921 | Vaults:3 | Identified the +0 hat of Fortification {rC+ rN+}
 42934 | Vaults:3 | Found a radiant altar of Vehumet.
 42934 | Vaults:3 | Found the +4 robe of Folly {Brill Will-∞ Int+8}
 42942 | Vaults:3 | Identified the +1 robe "Nusees" {Int+3}
 42957 | Vaults:3 | Identified the +2 robe of Squeaky Music {rN+ Regen+}
 42958 | Vaults:3 | Identified the +2 hat of the Planets {rElec rN+ Dex-4}
 43837 | Vaults:3 | Identified the +0 leather armour of Inevitability {rElec
                  | rC+}
 44377 | Elf:1    | Entered Level 1 of the Elven Halls
 44636 | Elf:1    | Found Nulumuog's General Store.
 44639 | Elf:1    | Bought a potion of haste for 110 gold pieces
 44640 | Elf:1    | Found Nuolaumm's Antique Weapon Boutique.
 45245 | Elf:1    | Got the Directory of Despicable Acts
 45312 | Elf:1    | Found Harosy's General Store.
 45320 | Elf:1    | Reached skill level 18 in Fire Magic
 45414 | Elf:1    | Bought the sphere of Battle for 1520 gold pieces
 45414 | Elf:1    | Found the sphere of Battle
 45546 | Elf:1    | Found Ybisitaw's Armour Boutique.
 46264 | Elf:2    | Paralysed by an air elemental for 1 turns
 46468 | Elf:2    | Found a runed translucent gate.
 46468 | Elf:2    | Found a runed translucent gate.
 46468 | Elf:2    | Found a runed translucent gate.
 46594 | Elf:2    | Got the Handbook of the Volley and Assembling
 46976 | Elf:3    | Entered Level 3 of the Elven Halls
 47035 | Elf:3    | Found a radiant altar of Vehumet.
 47319 | Elf:3    | Reached XP level 21. HP: 122/122 MP: 46/46
 47993 | Elf:3    | Paralysed by an air elemental for 1 turns
 48217 | Elf:1    | Bought a potion of curing for 33 gold pieces
 48365 | Elf:3    | Learned a level 9 spell: Fire Storm
 48367 | Elf:3    | Identified the ring "Houn" {rPois rN+}
 48671 | Elf:3    | Identified the +3 spear "Picous" {speed, Str+3}
 48671 | Elf:3    | Identified the ring of Fohij {Slay+5 SInv}
 48862 | Elf:3    | Identified the ring of Happiness {rF+ rCorr Int-2 Dex+5}
 49055 | Elf:3    | Identified the staff of fire "Ximoklul" {rPois rF+ rC- MP+9
                  | Int+4}
 49488 | Vaults:4 | Reached skill level 19 in Fire Magic
 49933 | Vaults:4 | Found Xiewnyf's Antique Armour Emporium.
 49939 | Vaults:4 | Bought a transparent leather armour for 280 gold pieces
 49939 | Vaults:4 | Identified the +2 leather armour "Etozarak" {rF+ Str-2
                  | Int+2 Dex+2} (You bought it in a shop on level 4 of the
                  | Vaults)
 50518 | Vaults:4 | Got the Secrets of Entrancing Transmigration
 50887 | Vaults:4 | Reached skill level 15 in Shields
 52338 | Vaults:5 | Entered Level 5 of the Vaults
 52340 | Vaults:5 | Reached XP level 22. HP: 127/127 MP: 48/48
 52529 | Vaults:5 | Reached skill level 20 in Fire Magic
 52906 | Vaults:5 | Identified the amulet of Nayl {RegenMP rPois Str+2 Int+2}
 53480 | Vaults:5 | Identified the +10 spear of an ice cave {heavy, *Rage rPois
                  | rF+ rCorr}
 53547 | Vaults:5 | Got Qate's Beginning Course on Wizarding
 53551 | Vaults:5 | Got a silver rune of Zot
 54011 | Vaults:5 | Found Deul's Distillery.
 54014 | Vaults:5 | Noticed a golden dragon
 54018 | Vaults:5 | Killed a golden dragon
 54151 | Vaults:5 | Reached skill level 21 in Fire Magic
 54416 | Vaults:5 | Noticed a dread lich
 54418 | Vaults:5 | Killed a dread lich
 54527 | Vaults:5 | Noticed a dread lich
 54537 | Vaults:5 | Killed a dread lich
 54954 | Vaults:5 | Identified the +6 scimitar of Fortitude {pain, rC+}
 55519 | Slime:1  | Entered Level 1 of the Pits of Slime
 55594 | Slime:2  | Reached skill level 22 in Fire Magic
 55803 | Slime:5  | Entered Level 5 of the Pits of Slime
 55820 | Slime:5  | Reached XP level 23. HP: 126/132 MP: 50/50
 55829 | Slime:5  | Noticed the Royal Jelly
 55832 | Slime:5  | Killed the Royal Jelly
 56054 | Slime:5  | Identified the +0 halberd "Huesua" {drain, rF- rN+++ Str+2}
 56062 | Slime:5  | Got a slimy rune of Zot
 56063 | Slime:5  | Identified the staff of air "Ahixt" {rElec rC+}
 56113 | Slime:5  | Got the Precepts of Transition and Confrontation
 56115 | Slime:5  | Got the Handbook of Movement and Fog
 56132 | Slime:5  | Identified the staff of air "Hiugoj" {rElec rF+}
 56147 | Slime:5  | Got Sif Muna's Tome of Displaced Abhorrent Secrets
 56164 | Slime:5  | Identified the +2 robe "Ummaeq" {Int+4}
 56165 | Slime:5  | Identified the +8 scale mail of Bycot {Fly rF+ Regen+
                  | Slay+2}
 56791 | Depths:1 | Entered Level 1 of the Depths
 56823 | D:15     | Learned a level 8 spell: Lehudib's Crystal Spear
 57059 | Depths:1 | Found an opulent altar of Gozag.
 57144 | Depths:1 | Found a one-way gate leading to the halls of Pandemonium.
 57383 | Depths:1 | Found a glowing golden altar of the Shining One.
 57394 | Depths:1 | Found a burning altar of Makhleb.
 57420 | Depths:1 | Found a gateway to Hell.
 57676 | Depths:2 | Identified the +7 quarterstaff of Qeiz {heavy, *Corrode
                  | Int+4}
 57684 | Depths:2 | Found a transporter.
 57761 | Depths:2 | Reached skill level 10 in Translocations
 57977 | Depths:2 | Noticed Vv
 57984 | Depths:2 | Killed Vv
 58127 | Depths:2 | Reached skill level 23 in Fire Magic
 58656 | Depths:2 | Found a transporter.
 58722 | Depths:2 | Noticed a juggernaut
 58729 | Depths:2 | Killed a juggernaut
 58883 | Depths:2 | Identified the amulet of Neleuvai {Spirit rC++ Will+}
 58902 | Depths:2 | Identified the amulet "Bochutz" {Acrobat rC+}
 58999 | Depths:3 | Found a runed translucent door.
 59005 | Depths:3 | Noticed a juggernaut
 59009 | Depths:3 | Noticed Xedde's ghost (adept OpTm)
 59011 | Depths:3 | Killed a juggernaut
 59236 | Depths:3 | Reached XP level 24. HP: 137/141 MP: 49/50
 59440 | Depths:3 | Identified the staff of air "Kaguogh" {rElec Dex+5 Stlth+}
 59516 | Depths:3 | Identified the staff of cold "Leacown" {rC+ rCorr Str-3
                  | Int+2}
 59549 | Depths:3 | Noticed Xtahua
 59558 | Depths:3 | Killed Xtahua
 59593 | Depths:3 | Identified the +7 orcbow of Corruption {drain, rN+ Str+3}
 60014 | Depths:3 | Noticed Margery
 60016 | Depths:3 | Killed Margery
 60079 | Depths:3 | Found Caidiruj's General Store.
 60146 | Depths:3 | Found an ancient bone altar of Kikubaaqudgha.
 60216 | Depths:3 | Killed Xedde's ghost
 60225 | Depths:3 | Identified the ring of Roemeidy {rElec rC+ Str-3 Dex+3}
 60269 | Depths:4 | Entered Level 4 of the Depths
 60562 | Depths:4 | Found a one-way gateway to a ziggurat.
 60727 | Depths:4 | Reached skill level 15 in Earth Magic
 60985 | Depths:4 | Reached skill level 24 in Fire Magic
 61065 | Depths:4 | Found a gate to the Realm of Zot.
 61284 | Depths:3 | Voluntarily entered the Abyss.
 61570 | Abyss:2  | Found a corrupted altar of Lugonu.
 61599 | Abyss:2  | Found a corrupted altar of Lugonu.
 61615 | Abyss:3  | Found a corrupted altar of Lugonu.
 62009 | Abyss:3  | Reached skill level 1 in Ice Magic
 62009 | Abyss:3  | Reached skill level 1 in Air Magic
 62253 | Abyss:3  | Noticed a dread lich
 62257 | Depths:3 | Escaped the Abyss
 62619 | Depths:3 | Voluntarily entered the Abyss.
 62625 | Abyss:3  | Found a corrupted altar of Lugonu.
 62659 | Abyss:3  | Found a corrupted altar of Lugonu.
 63226 | Depths:3 | Escaped the Abyss
 63288 | Depths:3 | Voluntarily entered the Abyss.
 63332 | Abyss:3  | Reached XP level 25. HP: 150/150 MP: 50/50
 63352 | Abyss:3  | Reached skill level 5 in Ice Magic
 63553 | Abyss:3  | Reached skill level 5 in Air Magic
 63554 | Depths:3 | Escaped the Abyss
 63592 | Depths:3 | Voluntarily entered the Abyss.
 63940 | Abyss:3  | Got an abyssal rune of Zot
 64065 | Abyss:3  | Found a corrupted altar of Lugonu.
 64090 | Depths:3 | Escaped the Abyss
 64326 | Snake:1  | Bought a scroll of amnesia for 44 gold pieces
 64326 | Snake:1  | Bought a scroll of magic mapping for 82 gold pieces
 64326 | Snake:1  | Bought a scroll of magic mapping for 82 gold pieces
 64337 | Snake:1  | Learned a level 9 spell: Shatter
 64520 | Orc:2    | Bought a scroll of amnesia for 52 gold pieces
 64753 | Zot:1    | Entered Level 1 of the Realm of Zot
 66171 | Zot:2    | Noticed an orb of fire
 66180 | Zot:2    | Gained mutation: Your body sometimes deteriorates upon
                  | taking damage. [an orb of fire]
 66182 | Zot:2    | Killed an orb of fire
 67643 | Zot:3    | Identified a scroll of acquirement
 67643 | Zot:3    | Acquired 601 gold pieces
 67798 | Zot:3    | Noticed an orb of fire
 67806 | Zot:3    | Killed an orb of fire
 68254 | Zot:3    | Noticed an orb of fire
 68257 | Zot:3    | Killed an orb of fire
 68405 | Zot:3    | Noticed an orb of fire
 68405 | Zot:3    | Noticed an orb of fire
 68416 | Zot:3    | Killed an orb of fire
 68419 | Zot:3    | Killed an orb of fire
 69664 | Zot:4    | Reached XP level 26. HP: 126/159 MP: 50/50
 70338 | Zot:5    | Entered Level 5 of the Realm of Zot
 71114 | Zot:5    | Noticed an ancient lich
 71118 | Zot:5    | Killed an ancient lich
 71609 | Zot:5    | Noticed an orb of fire
 71614 | Zot:5    | Killed an orb of fire
 71615 | Zot:5    | Reached skill level 10 in Ice Magic
 71736 | Zot:5    | Noticed an orb of fire
 71753 | Zot:5    | Killed an orb of fire
 71905 | Zot:5    | Noticed an orb of fire
 71911 | Zot:5    | Killed an orb of fire
 71955 | Zot:5    | Reached skill level 15 in Fighting
 72113 | Zot:5    | Noticed an orb of fire
 72117 | Zot:5    | Killed an orb of fire
 72299 | Zot:5    | Reached skill level 10 in Air Magic
 72334 | Zot:5    | Identified the +0 robe "Xinewolayn" {-Cast *Slow +Blink
                  | rN+++}
 72346 | Zot:5    | Identified the +1 robe "Nastekh" {Rampage rC+}
 72692 | Zot:5    | Got the Orb of Zot
 72731 | Zot:5    | Learned a level 2 spell: Passwall
 72758 | Zot:5    | Noticed Vahaosm the pandemonium lord
 73302 | D:3      | Noticed Jirch the pandemonium lord
 73401 | D:$      | Escaped with the Orb!

Illustrated notes

Levels and vault maps discovered:
D:1:      dpeg_arrival_court, layout_basic
D:2:      layout_basic, nicolae_ecumenical_oubliette,
          hangedman_decor_clover_reticule, minmay_misc_feat_rows
D:3:      layout_rooms
D:4:      layout_loops_ring, mainiacjoe_overflow_cross_hatched, uniq_grinder
D:5:      layout_basic, minmay_temple_entry_junction_2, serial_shops, shop,
          gammafunk_ghost_abyssal_escape, kennysheep_generic_room_16,
          uniq_crazy_yiuf_cottage
D:6:      layout_loops_corners, marbit_many_paths, portal_sewer_entry_a,
          minmay_puff
D:7:      layout_loops_ring, enter_bailey_6, dreamdust_princess_bridge,
          minmay_misc_feat_tiny
D:8:      layout_loops_ring
D:9:      layout_long_grid, serial_shops, nicolae_shop_bloodbath_and_beyond,
          minivault_21, kb_rosetta, uniq_pikel
D:10:     layout_loops_ring, nicolae_overflow_hallway_of_the_gods, orc_david_3,
          ebering_ghost_inner_flame, uniq_gastronok
D:11:     layout_stronghold, david_lair_generic
D:12:     layout_stronghold, uniq_maurice, uniq_snorg, uniq_frances
D:13:     layout_cave_pools, minmay_circle_x
D:14:     layout_irregular_city, david_vaults_1, nrook_mini_backslash,
          grunt_ministairs_9, nicolae_sif_muna_little_library, uniq_roxanne
D:15:     hangedman_depths_entry_civil_slaughter, layout_rooms,
          nicolae_the_louvre, uniq_agnes
Temple:   minmay_temple_curvy_branch
Lair:1:   layout_cave_pods, infiniplex_staircase_pool
Lair:2:   layout_small_grid, nicolae_swamp_entry_splash_gauntlet,
          dummy_snake_entry, roderic_batcave, beast_lair_carwin_1
Lair:3:   minmay_guarded_unrand_snakebite, layout_chaotic_city,
          lemuel_fruit_tree, grunt_megastairs_3, serial_bayou_shore_b,
          infiniplex_staircase_pool_2, serial_bayou_shore_a
Lair:4:   layout_roguey
Lair:5:   evil_forest, layout_regular_city, nicolae_slime_entry_field_trip,
          lemuel_fruit_fields
Swamp:1:  layout_basic_swamp, evilmike_swamp_ruin_house_3, uniq_jorgrun,
          uniq_aizul
Swamp:2:  layout_basic_swamp, evilmike_swamp_ruin_rubble_1, uniq_nikola
Swamp:3:  layout_falls_marsh, nicolae_swamp_trees_clearing, uniq_donald
Swamp:4:  swamp_basic_johnstein, layout_basic_swamp, uniq_mara
Snake:1:  layout_honeycomb, nicolae_snake_serpentine_bazaar
Snake:2:  layout_rooms, grunt_ministairs_7, minmay_shop_mayhem,
          nicolae_snake_double_loop, hangedman_snake_corridor_cut
Snake:3:  nicolae_snake_nest, layout_onion, basic_altar
Snake:4:  grunt_snake_rune_pools, layout_cave_town, drop_trap
Slime:1:  layout_caves
Slime:2:  layout_caves
Slime:3:  layout_caves
Slime:4:  layout_caves, nicolae_slime_welcoming_committee
Slime:5
Orc:1:    layout_caves, uniq_nergalle
Orc:2:    st_orc_elflike, layout_diamond_mine, serial_shops,
          nicolae_shop_scrapyard
Elf:1:    elf_arrival_002, layout_geoelf_octagon, serial_shops, shop,
          nicolae_square_shop, nicolae_shop_behind_doors,
          nicolae_shop_back_alley_shop, minmay_elf_necromancy
Elf:2:    nicolae_elf_blades_crystal_corner, layout_onion_city,
          hangedman_elf_targetted_burst, minmay_elf_sorcery
Elf:3:    minmay_elf_hall_curves, layout_gridlike, basic_altar,
          nicolae_elf_glass_and_crystal_pillar_1
Vaults:1: portal_desolation_entry_twin_temple, vaults_dpeg_diagonal,
          nicolae_vaults_little_squares_1, grunt_vaults_bifocal,
          nicolae_vaults_tetromino_Z_2, nicolae_vaults_variable_pillar_hall,
          nicolae_vaults_specimen_jars, hangedman_vaults_river_flow,
          vaults_room_door_ring, nicolae_vaults_double_plus_2,
          grunt_vaults_hallway_short, hangedman_vaults_snaps,
          nicolae_vaults_storage_closets_3, vaults_room_octagon,
          v_alt_pattern_3, vaults_dpeg_ring, layout_vaults_omnicross,
          uniq_asterion
Vaults:2: nicolae_vaults_wine_cellar, nicolae_vaults_more_shelving_2,
          nicolae_vaults_heart-shaped_vault, nicolae_vaults_inception_scallops,
          nicolae_vaults_steering_wheel, nicolae_vaults_yaktaur_gun_rack,
          grunt_vaults_trifunnel, vaults_room_grid, vaults_room_mumra_shop_pool,
          v_misc_8, nicolae_vaults_little_squares_6, vaults_dpeg_cross,
          layout_vaults_omnibox, serial_shops, nicolae_shop_peninsula
Vaults:3: grunt_tower_of_power, vaults_room_corners, nicolae_vaults_apartment_2,
          nicolae_vaults_alarming, nicolae_vaults_tetromino_Z_1,
          grunt_vaults_focal, ontoclasm_vaults_gateway, layout_vaults_omnigrid,
          dummy_crypt_entry, uniq_sojobo
Vaults:4: vaults_room_hallway, nicolae_vaults_shelves_hall,
          nicolae_vaults_weapon_check, st_more_cells, hangedman_vaults_stream,
          nicolae_vaults_cornered_office, nicolae_vaults_little_squares_4,
          nicolae_vaults_asterisk, vaults_standard_mumra_x,
          nicolae_vaults_heart-shaped_vault, nicolae_vaults_angled_halls,
          serial_ice_b, nicolae_vaults_circle_grid_b, v_pattern_4,
          nicolae_vaults_variable_pillar_hall, layout_vaults_ring, serial_shops,
          nicolae_shop_pleasant_corner_grove
Vaults:5: serial_shops
Depths:1: layout_cave_pools, nicolae_gozag_cash_rules_everything_around_me,
          pan_entry, hell_entry, kennysheep_cluttered_room, nzn_life_drinkers,
          serial_bayou_shore_b
Depths:2: gammafunk_its_a_trap, layout_gridville, pan_entry, hell_entry,
          minmay_misc_feat_square, abyss_entry, minmay_protected_statue, uniq_vv
Depths:3: minmay_the_grid_square_5x5_5x5_mashed
          [minmay_the_grid_square_5x5_spiral,
          minmay_the_grid_square_5x5_tri_point,
          minmay_the_grid_square_5x5_doubleslash,
          minmay_the_grid_square_5x5_plus, minmay_the_grid_square_5x5_one_wall,
          minmay_the_grid_square_5x5_z, minmay_the_grid_square_5x5_prize_itemx,
          minmay_the_grid_square_5x5_empty,
          minmay_the_grid_square_5x5_prize_rear_guard,
          minmay_the_grid_square_5x5_v, minmay_the_grid_square_5x5_three_small,
          minmay_the_grid_square_5x5_inner_v,
          minmay_the_grid_square_5x5_prize_open,
          minmay_the_grid_square_5x5_inverted_slash,
          minmay_the_grid_square_5x5_detours,
          minmay_the_grid_square_5x5_half_checkered,
          minmay_the_grid_square_5x5_prize_gold,
          minmay_the_grid_square_5x5_pentomino_r,
          minmay_the_grid_square_5x5_prize_deathbox,
          minmay_the_grid_square_5x5_hollow_slash,
          minmay_the_grid_square_5x5_lines, minmay_the_grid_square_5x5_three,
          minmay_the_grid_square_5x5_moneybag,
          minmay_the_grid_square_5x5_bracketed,
          minmay_the_grid_square_5x5_almost_minimal], layout_gridville,
          ebering_ghost_reflecting_pool, lemuel_crystal_altar,
          abyss_entry_crystal, grunt_metal_band, serial_shops,
          nicolae_shop_rolling_square, uniq_xtahua
Depths:4: grunt_zot_entry_alcove, layout_cave_pools, enter_ziggurat_d,
          hangedman_geh_valley
Zot:1:    layout_concentric_octagons
Zot:2:    layout_basic
Zot:3:    kennysheep_spiral_hall, layout_gridville, lemuel_lake_of_fire
Zot:4:    layout_twisted_circle, st_small_dragon_hoard_5
Zot:5:    layout_basic, lemuel_baited_zot_trap, guppyfry_library_mini

Skill      XL: |  1  2  3  4  5  6  7  8  9 10 11 12 13 14 15 16 17 18 19 20 21 22 23 24 25 26 |
---------------+-------------------------------------------------------------------------------+-----
Fighting       | 1 2 3 4 6 8 9 10 11 13 14 15 | 15.0
Stealth        | 3 4 5 6 8 |  8.0
Conjurations   | 5 6 7 9 10 12 13 14 15 17 18 19 21 22 | 22.7
Spellcasting   | 4 5 6 7 9 10 12 13 15 16 18 19 20 21 23 | 23.3
Translocations | 1 2 3 4 8 11 12 | 12.0
Earth Magic    | 1 2 3 5 7 10 11 12 14 16 17 19 | 19.0
Hexes          | 2 4 |  4.0
Fire Magic     | 10 12 13 14 15 17 18 19 22 23 24 | 24.0
Dodging        | 4 7 10 12 | 12.0
Armour         | 2 4 |  4.0
Shields        | 4 10 11 12 13 14 15 | 15.0
Evocations     | 5 9 |  9.0
Ice Magic      | 4 8 10 | 10.0
Air Magic      | 4 7 10 | 10.0

Action                     |  1- 3 |  4- 6 |  7- 9 | 10-12 | 13-15 | 16-18 | 19-21 | 22-24 | 25-27 || total
---------------------------+-------+-------+-------+-------+-------+-------+-------+-------+-------++-------
  Melee: Staff             |       |     5 |    35 |     6 |    19 |     3 |    28 |    19 |     4 ||   119
         Punch             |       |       |     1 |       |     2 |       |       |       |       ||     3
   Cast: Magic Dart        |    46 |    32 |   111 |    23 |       |       |       |       |       ||   212
         Searing Ray       |     8 |    20 |    65 |    36 |    30 |     6 |     4 |       |       ||   169
         Stone Arrow       |       |     2 |    40 |    18 |   137 |   255 |   261 |   244 |    29 ||   986
         Iskenderun's Myst |       |       |     6 |    61 |   157 |   282 |   223 |   114 |    34 ||   877
         Foxfire           |       |       |       |   230 |   448 |   349 |    26 |       |       ||  1053
         Iskenderun's Batt |       |       |       |    40 |    91 |   132 |    74 |       |       ||   337
         Fulminant Prism   |       |       |       |     3 |    12 |     1 |       |     1 |       ||    17
         Poisonous Vapours |       |       |       |     4 |    12 |       |     1 |     1 |       ||    18
         Leda's Unmaking   |       |       |       |       |    14 |    25 |   165 |   138 |    98 ||   440
         Freezing Cloud    |       |       |       |       |    13 |    34 |    14 |     1 |       ||    62
         Passage of Golubr |       |       |       |       |     4 |       |       |       |    11 ||    15
         Lee's Rapid Decon |       |       |       |       |       |     5 |     7 |       |       ||    12
         Ignition          |       |       |       |       |       |       |    35 |       |       ||    35
         Fire Storm        |       |       |       |       |       |       |     2 |   163 |   106 ||   271
         Lehudib's Crystal |       |       |       |       |       |       |       |    50 |   114 ||   164
         Passwall          |       |       |       |       |       |       |       |       |    43 ||    43
         Shatter           |       |       |       |       |       |       |       |       |    13 ||    13
  Evoke: Wand              |       |       |       |     1 |       |     5 |     1 |       |     5 ||    12
         Box of beasts     |       |       |       |       |     1 |       |     1 |       |       ||     2
         Phial of floods   |       |       |       |       |       |     1 |     1 |       |       ||     2
         Phantom mirror    |       |       |       |       |       |       |     1 |       |       ||     1
    Use: Scroll            |       |     7 |     2 |     2 |     6 |    13 |     5 |     6 |    10 ||    51
         Potion            |       |       |       |       |     1 |     3 |    11 |     4 |     7 ||    26
   Stab: Sleeping          |       |       |     1 |       |       |       |       |       |       ||     1
 Armour: Robe              |     3 |     2 |    23 |       |       |       |       |       |       ||    28
         Leather armour    |       |       |       |    12 |    45 |    73 |    46 |    50 |    19 ||   245
  Dodge: Dodged            |     6 |     7 |   127 |    36 |   186 |   137 |   107 |   109 |    64 ||   779
  Block: Kite shield       |       |       |       |       |       |   108 |   108 |       |       ||   216
         Reflection        |       |       |       |       |       |    33 |    35 |     1 |       ||    69
         Orb               |       |       |       |       |       |       |    15 |     7 |       ||    22

Table legend: (Time is in decaauts)
 A = Elapsed time spent in this place.
 B = Non-inter-level travel time spent in this place.
 C = Inter-level travel time spent in this place.
 D = Time resting spent in this place.
 E = Time spent auto-exploring this place.
 F = Levels seen in this place.
 G = Mean time per level.
                   A        B        C        D        E       F      G
               +--------+--------+--------+--------+--------+-----+--------+
         Total |  77005 |  71969 |   5036 |  21547 |  33173 |  62 | 1242.0 |
       Dungeon |  17680 |  15701 |   1979 |   2559 |   9596 |  15 | 1178.7 |
        Temple |    278 |    254 |     24 |      0 |    210 |   1 |  278.0 |
          Lair |   6914 |   6255 |    659 |   1246 |   3754 |   5 | 1382.8 |
         Swamp |   5519 |   5335 |    184 |   2471 |   1240 |   4 | 1379.8 |
     Snake Pit |   5837 |   5620 |    217 |   1256 |   3015 |   4 | 1459.2 |
    Slime Pits |   1127 |   1095 |     32 |    284 |    394 |   5 |  225.4 |
  Orcish Mines |   2139 |   1837 |    302 |    671 |    846 |   2 | 1069.5 |
   Elven Halls |   5089 |   4823 |    266 |   1523 |   2285 |   3 | 1696.3 |
        Vaults |  13587 |  12868 |    719 |   5668 |   4791 |   5 | 2717.4 |
        Depths |   5496 |   4988 |    508 |   1356 |   2449 |   4 | 1374.0 |
           Zot |   8609 |   8466 |    143 |   2801 |   3809 |   5 | 1721.8 |
         Abyss |   2444 |   2444 |      0 |    843 |    378 |   6 |  407.3 |
         Sewer |    305 |    305 |      0 |     24 |     69 |   1 |  305.0 |
        Bailey |    695 |    695 |      0 |    316 |      0 |   1 |  695.0 |
    Desolation |   1280 |   1280 |      0 |    528 |    330 |   1 | 1280.0 |
               +--------+--------+--------+--------+--------+-----+--------+

Top non-repeatable levels by time:
Vaults:5: 3037 daAuts
Vaults:3: 2926 daAuts
Vaults:1: 2720 daAuts
   Zot:5: 2551 daAuts
Vaults:4: 2525 daAuts
Vaults:2: 2378 daAuts
   Elf:3: 2175 daAuts
 Snake:4: 2127 daAuts
 Abyss:3: 2096 daAuts
    D:14: 2059 daAuts
Depths:3: 1780 daAuts
   Zot:2: 1730 daAuts
  Lair:5: 1688 daAuts
Depths:2: 1653 daAuts
   Elf:1: 1643 daAuts
